 Dungeon Crawl Stone Soup version 0.27.1-37-g7b29ead8ac (webtiles) character file.

Game seed: 5210135130676332632

18482 AarnesTheHuman the Fighter (level 12, -3/102 HPs)
             Began as a Formicid Fighter on June 6, 2023.
             Was a Believer of Yredelemnul.
             Slain by an orc knight (11 damage)
             ... on level 11 of the Dungeon on June 7, 2023.
             The game lasted 00:20:56 (13143 turns).

AarnesTheHuman the Fighter (Formicid Fighter)      Turns: 13143, Time: 00:20:57

Health: -3/102     AC: 19    Str: 30    XL:     12   Next: 95%
Magic:  19/19      EV:  9    Int: 10    God:    Yredelemnul [**....]
Gold:   324        SH: 15    Dex: 16    Spells: 11/11 levels left

rFire    . . .     SeeInvis +   a - +4 battleaxe (freeze)
rCold    . . .     Faith    .   w - +2 kite shield
rNeg     . . .     Spirit   .   A - +4 chain mail
rPois    .         Reflect  .   (helmet unavailable)
rElec    .         Harm     .   (no cloak)
rCorr    .         Rampage  .   e - +1 pair of gloves
Will     +....                  k - +0 pair of boots
Stlth    ..........             Q - amulet of regeneration
HPRegen  1.27/turn              J - +6 ring of strength
MPRegen  0.16/turn              P - +6 ring of dexterity

@: no status effects
A: permanent stasis, dig shafts and tunnels, antennae 3, four strong arms
a: Dig, Shaft Self, Renounce Religion, Animate Remains, Recall Undead Slaves,
Injury Mirror


You were on level 11 of the Dungeon.
You worshipped Yredelemnul.
Yredelemnul was pleased with you.
You visited 2 branches of the dungeon, and saw 12 of its levels.

You collected 649 gold pieces.
You spent 325 gold pieces at shops.

Inventory:

Hand Weapons
 a - a +4 battleaxe of freezing (weapon)
 b - a +2 arbalest of flaming
 g - a +2 battleaxe of venom
 z - a +0 broad axe of draining
 R - a +0 vorpal trident
Missiles
 i - 517 stones
 j - 82 sling bullets
 n - 63 poisoned darts (quivered)
 t - 106 bolts
 G - 9 silver boomerangs
Armour
 e - a +1 pair of gloves (worn)
 f - the +0 leather armour of Keihoph {rF+ Stlth+}
   (You found it on level 4 of the Dungeon)

   rF:        It protects you from fire.
   Stlth:     It makes you more stealthy.
 k - a +0 pair of boots (worn)
 w - a +2 kite shield (worn)
 A - a +4 chain mail (worn)
Jewellery
 J - a +6 ring of strength (left hand)
 M - a ring of wizardry
 P - a +6 ring of dexterity (right hand)
 Q - an amulet of regeneration (around neck)
Wands
 r - a wand of acid (12)
 x - a wand of digging (6)
 I - a wand of flame (76)
 K - a wand of paralysis (11)
 N - a wand of iceblast (3)
 T - a wand of mindburst (7)
Scrolls
 l - 3 scrolls of amnesia
 o - 2 scrolls of enchant weapon
 s - 3 scrolls of magic mapping
 u - a scroll of vulnerability
 y - a scroll of acquirement
 B - a scroll of noise
 C - a scroll of fog
 D - a scroll of enchant armour
 F - a scroll of brand weapon
 L - a scroll of immolation {unknown}
 O - 2 scrolls of identify
Potions
 c - a potion of attraction
 d - 3 potions of flight
 h - a potion of brilliance {unknown}
 m - 5 potions of degeneration
 q - a potion of magic
 v - a potion of lignification
 E - 3 potions of might
 H - a potion of curing {unknown}
 S - a potion of ambrosia {unknown}
 U - a potion of mutation {unknown}
 V - a potion of haste {unknown}


   Skills:
 + Level 12.0 Fighting
 - Level 9.6(10.0) Axes
 - Level 4.1(7.4) Polearms
 - Level 5.0 Crossbows
 - Level 9.0 Armour
 - Level 9.0 Shields
 - Level 10.0 Invocations


You had 11 spell levels left.
You didn't know any spells.
Your spell library contained the following spells:

 Spells                   Type           Power      Damage    Failure   Level
 Corpse Rot               Necr/Air       N/A        N/A       93%         2
 Poisonous Vapours        Pois/Air       0%         N/A       93%         2
 Static Discharge         Conj/Air       0%         N/A       93%         2
 Sublimation of Blood     Necr           0%         N/A       93%         2
 Wereblood                Tmut           0%         N/A       93%         2
 Airstrike                Air            0%         N/A       100%        4
 Summon Lightning Spire   Summ/Air       0%         N/A       100%        4
 Freezing Cloud           Conj/Ice/Air   0%         6-21      100%        5
 Lightning Bolt           Conj/Air       0%         1d11      100%        5
 Summon Hydra             Summ           0%         N/A       100%        7
 Maxwell's Capacitive Co  Air            0%         ∞         100%        8


Dungeon Overview and Level Annotations

Branches:
Dungeon (11/15)            Temple (1/1) D:5            Lair (0/6) D:9
    Orc (0/2) D:11

Altars:
Ashenzari
Cheibriados
Dithmenos
Elyvilon
Fedhas
Gozag
Hepliaklqana
Kikubaaqudgha
Makhleb
Nemelex Xobeh
Okawaru
Qazlal
Ru
Sif Muna
Trog
Uskayaw
Vehumet
Wu Jian
Xom
Yredelemnul
Zin
The Shining One

Shops:
D:11 *

Annotations:
D:2 1 runed translucent door, exclusion: 2 downstairs, Crazy Yiuf
D:3 exclusion: downstairs
D:6 exclusion: downstairs
D:10 exclusion: downstairs


Innate Abilities, Weirdness & Mutations

You cannot be hasted, slowed, berserked, paralysed or teleported.
You can dig through walls and to a lower floor.
You have a pair of large antennae on your head. (SInv)
Your four strong arms can wield two-handed weapons with a shield.


Message History

You feel much better.
The orc knight hits you with a +1 long sword!
* * * LOW HITPOINT WARNING * * *
Okay, then.
Aiming: Paralyse
Press: ? - help, Shift-Dir - straight line, f - cyclops
Aim: a cyclops, quivering large rocks (chance to affect: 28%)
The cyclops easily resists.
The orc knight barely misses you.
You slash the orc knight! You freeze the orc knight.
The orc knight is moderately wounded.
You slash the cyclops! You freeze the cyclops. The cyclops hits you!!
* * * LOW HITPOINT WARNING * * *
You block the orc knight's attack.
You closely miss the orc knight.
The orc knight is moderately wounded.
You slice the cyclops!! You freeze the cyclops. You block the cyclops's attack.
The orc knight barely misses you.
You barely miss the orc knight.
The orc knight is moderately wounded.
You slash the cyclops! You freeze the cyclops.
You kill the cyclops!
Yredelemnul accepts your kill.
The orc knight hits you but does no damage.
Training target 12.0 for Fighting reached!
Your Fighting skill increases to level 12!
You need to enable at least one skill for training.
You slice the orc knight!! You freeze the orc knight.
The orc knight is severely wounded.
The orc knight hits you but does no damage.
You closely miss the orc knight.
The orc knight is severely wounded.
The orc knight hits you with a +1 long sword.
* * * LOW HITPOINT WARNING * * *
The orc knight hits you with a +1 long sword.
* * * LOW HITPOINT WARNING * * *
You barely miss the orc knight.
The orc knight is severely wounded.
The orc knight hits you with a +1 long sword!
You die...
Your body rises from the dead as a mindless zombie.

#################################
#....#....#...)...(.(.()Z.....
.....#..##....###$###o.)o#.#.#
#.#..(..##.#.#.#[.)#.#.#..#
..#..[.....#.#.##.##.#.#{..#
.###..#...##.##.#.#.##.# {#.# .#
#.Z..#.#...#.###.##.# .{ .. ##
##...##.....#.#.##.#. .{ . #
#.......#...@#{# # # ... #
##.....###..(o#.# #....##
##....##


{{{{ ################################# .................................
(##..##.^.........#..#.^...##.... .# ............................. ..
#...........#.#..#...###..[ .#. #####...#####.#..#...###.). You could see an orc
knight.

Vanquished Creatures
  A centaur warrior (D:10)
  A tengu warrior (D:11)
  7 two-headed ogres
  A skeletal warrior (D:11)
  5 cyclopes
  A manticore (D:11)
  Maurice (D:9)
  A kobold demonologist (D:11)
  Maggie (D:7)
  A komodo dragon (D:9)
  A troll (D:11)
  A slime creature (D:11)
  Prince Ribbit (D:8)
  A vampire (D:9)
  A shadow (D:11)
  2 wyverns
  A basilisk (D:11)
  8 yaks
  2 steam dragons (D:8)
  Menkaure (D:7)
  2 acid dragons
  An orc warrior (D:7)
  3 ice beasts (D:6)
  4 water moccasins
  A black bear (D:4)
  A necrophage (D:4)
  3 ogres
  4 centaurs
  5 kobold brigands
  2 bullfrogs
  2 gnoll sergeants
  A water moccasin skeleton (D:4)
  5 wights
  5 centaur zombies
  2 centaur skeletons
  4 hounds
  5 orc priests
  A gnoll shaman (D:7)
  4 iguanas
  Terence (D:2)
  5 orc wizards
  A mummy (D:9)
  7 gnolls
  7 adders
  3 white imps
  An ufetubus (D:5)
  A worm (D:2)
  5 dart slugs
  23 orcs
  A bat (D:1)
  3 endoplasms
  3 giant cockroaches
  4 goblins
  7 hobgoblins
  5 quokkas
  4 ball pythons
  6 frilled lizards
  25 kobolds
  2 rats (D:3)
208 creatures vanquished.

Vanquished Creatures (collateral kills)
  2 two-headed ogres
  A manticore (D:11)
  2 cyclopes (D:11)
  2 centaur zombies (D:10)
  An efreet (D:11)
  A yak (D:10)
  2 kobolds (D:10)
11 creatures vanquished.

Vanquished Creatures (others)
  2 centaur zombies
  A manticore zombie (D:11)
  3 two-headed ogre zombies
  4 cyclops zombies (D:11)
  A troll zombie (D:11)
  2 yak zombies (D:11)
  40 plants (D:9)
53 creatures vanquished.

Grand Total: 272 creatures vanquished

Notes
Turn   | Place    | Note
-------+----------+-------------------------------------------
     0 | D:1      | AarnesTheHuman the Formicid Fighter began the quest for the
                  | Orb.
     0 | D:1      | Reached XP level 1. HP: 18/18 MP: 1/1
   358 | D:1      | Reached XP level 2. HP: 17/24 MP: 2/2
   569 | D:1      | Reached XP level 3. HP: 29/29 MP: 3/3
  1204 | D:2      | Noticed Terence
  1217 | D:2      | Killed Terence
  1218 | D:2      | Reached XP level 4. HP: 13/37 MP: 4/4
  1613 | D:2      | Reached skill level 4 in Fighting
  1811 | D:2      | Found a runed translucent door.
  1812 | D:2      | Noticed Crazy Yiuf
  2205 | D:3      | Reached XP level 5. HP: 42/42 MP: 5/5
  2215 | D:3      | Noticed an ogre
  2522 | D:3      | Killed an ogre
  2523 | D:3      | Reached XP level 6. HP: 34/49 MP: 6/6
  2727 | D:3      | Found a faded altar of an unknown god.
  3350 | D:3      | Reached skill level 5 in Shields
  3788 | D:4      | Found a glowing golden altar of the Shining One.
  3789 | D:4      | Identified the +0 leather armour of Keihoph {rF+ Stlth+}
  3899 | D:4      | Reached XP level 7. HP: 55/55 MP: 7/7
  3905 | D:4      | Reached skill level 1 in Axes
  3905 | D:4      | Reached skill level 5 in Armour
  4231 | D:4      | Reached skill level 5 in Fighting
  4594 | D:4      | You fall into a shaft and drop 3 floors!
  4594 | D:7      | Noticed Maggie
  4594 | D:7      | Found a stormy altar of Qazlal.
  4632 | D:7      | Reached XP level 8. HP: 18/63 MP: 8/8
  4636 | D:7      | Killed Maggie
  4639 | D:7      | Reached skill level 6 in Fighting
  5031 | D:7      | Noticed a wyvern
  5035 | D:7      | Killed a wyvern
  5117 | D:7      | Reached XP level 9. HP: 67/71 MP: 9/9
  5277 | D:6      | Found an opulent altar of Gozag.
  5292 | D:5      | Entered Level 5 of the Dungeon
  5369 | D:5      | Reached skill level 7 in Fighting
  5502 | D:5      | Found a staircase to the Ecumenical Temple.
  5512 | Temple   | Entered the Ecumenical Temple
  5747 | Temple   | Became a worshipper of Yredelemnul the Dark
  5772 | D:5      | Found a hazy altar of Hepliaklqana.
  6058 | D:5      | You fall into a shaft and drop 2 floors!
  6420 | D:7      | Noticed Menkaure
  6424 | D:7      | Noticed a two-headed ogre
  6427 | D:7      | Killed Menkaure
  7431 | D:4      | Reached skill level 8 in Fighting
  7431 | D:4      | Reached XP level 10. HP: 53/80 MP: 10/10
  7648 | D:4      | Reached skill level 5 in Axes
  8387 | D:6      | Reached skill level 1 in Invocations
  8678 | D:6      | Found a sparkling altar of Nemelex Xobeh.
  8706 | D:6      | Reached * piety under Yredelemnul
  8817 | D:6      | Found a shimmering blue altar of Sif Muna.
  8941 | D:7      | Identified a scroll of acquirement
  9155 | D:8      | Noticed Prince Ribbit
  9320 | D:8      | Found a white marble altar of Elyvilon.
  9724 | D:8      | Killed Prince Ribbit
 10356 | D:9      | Noticed Maurice
 10364 | D:9      | Killed Maurice
 10365 | D:9      | Reached skill level 9 in Fighting
 10397 | D:9      | Found a snail-covered altar of Cheibriados.
 10515 | D:9      | Found a burning altar of Makhleb.
 10515 | D:9      | Noticed an Executioner
 10938 | D:9      | Noticed a komodo dragon
 10939 | D:9      | Found a staircase to the Lair.
 10945 | D:9      | Killed a komodo dragon
 10965 | D:9      | Reached skill level 5 in Invocations
 10978 | D:9      | Reached XP level 11. HP: 50/89 MP: 13/15
 11358 | D:10     | Entered Level 10 of the Dungeon
 11408 | D:10     | Noticed a centaur warrior
 11414 | D:10     | Killed a centaur warrior
 11481 | D:10     | Noticed a two-headed ogre
 11491 | D:10     | Killed a two-headed ogre
 11716 | D:10     | Noticed a two-headed ogre
 11722 | D:10     | Reached ** piety under Yredelemnul
 11745 | D:10     | Killed a two-headed ogre
 12069 | D:10     | Noticed a two-headed ogre
 12073 | D:10     | Noticed a cyclops
 12076 | D:10     | Killed a two-headed ogre
 12082 | D:10     | Killed a cyclops
 12316 | D:11     | Found Ficzafit's Assorted Antiques.
 12318 | D:11     | Noticed a cyclops
 12338 | D:11     | Killed a cyclops
 12363 | D:11     | Bought a runed zirconium amulet for 130 gold pieces
 12369 | D:11     | Bought a runed arbalest for 195 gold pieces
 12503 | D:11     | Noticed a two-headed ogre
 12509 | D:11     | Killed a two-headed ogre
 12510 | D:11     | Reached skill level 1 in Crossbows
 12635 | D:11     | Found a staircase to the Orcish Mines.
 12675 | D:11     | Noticed a manticore
 12682 | D:11     | Killed a manticore
 12777 | D:11     | Noticed a two-headed ogre
 12782 | D:11     | Killed a two-headed ogre
 12783 | D:11     | Reached XP level 12. HP: 71/96 MP: 18/18
 12801 | D:11     | Noticed a two-headed ogre
 12806 | D:11     | Noticed a two-headed ogre
 12815 | D:11     | Killed a two-headed ogre
 12823 | D:11     | Killed a two-headed ogre
 12852 | D:11     | Noticed a two-headed ogre
 12856 | D:11     | Killed a two-headed ogre
 12857 | D:11     | Reached skill level 10 in Fighting
 12857 | D:11     | Reached skill level 10 in Invocations
 12989 | D:11     | Reached skill level 11 in Fighting
 13020 | D:11     | Noticed a two-headed ogre
 13033 | D:11     | Killed a two-headed ogre
 13034 | D:11     | Reached skill level 5 in Crossbows
 13103 | D:11     | Noticed a tengu warrior
 13108 | D:11     | Noticed a skeletal warrior
 13112 | D:11     | Killed a tengu warrior
 13132 | D:11     | Killed a skeletal warrior
 13141 | D:11     | Reached skill level 12 in Fighting
 13143 | D:11     | Slain by an orc knight

Illustrated notes

Levels and vault maps discovered:
D:1:      ncdulo_smallfort, layout_basic, minmay_pentomino_x2
D:2:      layout_loops_ring, uniq_crazy_yiuf_cottage, uniq_terence
D:3:      layout_loops_corners, basic_ecumenical_altar,
          kennysheep_generic_room_5
D:4:      layout_layer_cave, lemuel_crystal_altar, kennysheep_donut
D:5:      layout_loops_corners, mainiacjoe_overflow_paths,
          minmay_temple_entry_statues_pillars
D:6:      layout_loops_cross, mainiacjoe_overflow_two_lobes,
          grunt_gozag_breadcrumbs
D:7:      layout_gridville, nicolae_qazlal_general_emergency,
          minmay_fractal_squares_gapless_5, uniq_menkaure, uniq_maggie
D:8:      layout_loops_corners, nicolae_elyvilon_peaceful_grove,
          kennysheep_small_spiral, blue_anna_alchemist, uniq_prince_ribbit1
D:9:      layout_basic, makhleb_altar_promises_db, slow_altar_1,
          david_lair_shrubbed, uniq_maurice
D:10:     layout_gridville, corexii_leaking_fountain
D:11:     minmay_the_grid_triangle_9x9_line_8_mashed
          [minmay_the_grid_triangle_9x9_skeleton,
          minmay_the_grid_triangle_9x9_thin_v,
          minmay_the_grid_triangle_9x9_swiss_cheese,
          minmay_the_grid_triangle_9x9_sprig,
          minmay_the_grid_triangle_9x9_windchime,
          minmay_the_grid_triangle_9x9_minimal,
          minmay_the_grid_triangle_9x9_limited_checkers,
          minmay_the_grid_triangle_9x9_prize_top_heavy], layout_loops_cross,
          orc_0_dummy, serial_shops, shop_statue
Temple:   nicolae_temple_figure_eight

Skill      XL: |  1  2  3  4  5  6  7  8  9 10 11 12 |
---------------+-------------------------------------+-----
Shields        | 4 5 6 7 8 9 |  9.0
Fighting       | 4 5 6 8 9 12 | 12.0
Armour         | 4 5 6 8 9 |  9.0
Polearms       | 3 4 |  4.1
Axes           | 2 3 4 6 9 |  9.6
Invocations    | 5 9 10 | 10.0
Crossbows      | 2 5 |  5.0

Action                   |  1- 3 |  4- 6 |  7- 9 | 10-12 || total
-------------------------+-------+-------+-------+-------++-------
Melee: Trident           |   100 |    99 |   116 |       ||   315
       Battleaxe         |       |    28 |   144 |   273 ||   445
 Fire: Arbalest          |       |       |       |    23 ||    23
Throw: Dart              |       |     3 |       |     4 ||     7
Invok: Animate Remains   |       |       |       |    25 ||    25
 Abil: Dig               |       |     2 |     6 |       ||     8
Evoke: Wand              |       |       |       |     2 ||     2
  Use: Scroll            |       |    10 |       |     6 ||    16
       Potion            |       |       |     1 |     2 ||     3
 Stab: Distracted        |       |       |       |     2 ||     2
Armor: Scale mail        |    33 |     8 |       |       ||    41
       Chain mail        |       |    27 |   149 |   126 ||   302
Dodge: Dodged            |    24 |    28 |    95 |   102 ||   249
Block: Kite shield       |    38 |    67 |   235 |   213 ||   553
